 Dungeon Crawl Stone Soup version 0.17.1-1-g73c8601 (webtiles) character file.

40 JustSomeDude the Insei (level 3, 29/29 HPs)
             Began as a Demonspawn Monk on Dec 29, 2015.
             Was a Believer of Nemelex Xobeh.
             Quit the game on level 2 of the Dungeon.
             The game lasted 00:03:38 (1631 turns).

JustSomeDude the Insei (Demonspawn Monk)            Turns: 1631, Time: 00:03:38

Health: 29/29      AC:  4    Str: 11    XL:     3   Next: 30%
Magic:  3/3        EV: 15    Int: 11    God:    Nemelex Xobeh [**....]
Gold:   51         SH:  0    Dex: 16    Spells: 0 memorised, 2 levels left

rFire  . . .     SeeInvis .       - Unarmed
rCold  . . .     Clarity  .     k - +0 leather armour
rNeg   . . .     SustAt   .     (no shield)
rPois  .         Gourm    .     (no helmet)
rElec  .         Spirit   .     (no cloak)
rCorr  .         Warding  .     (no gloves)
rMut   .         Stasis   .     g - +0 pair of boots
MR     .....                    (no amulet)
Stlth  ++........               (no ring)
                                (no ring)

@: not resistant to hostile enchantments, unstealthy
A: repulsion field 1, powered by pain 1
a: Renounce Religion


You were on level 2 of the Dungeon.
You worshipped Nemelex Xobeh.
Nemelex Xobeh was pleased with you.
You were full.

You visited 1 branch of the dungeon, and saw 2 of its levels.

You collected 51 gold pieces.

Inventory:

Armour
 g - a +0 pair of boots (worn)
 k - a +0 leather armour (worn)
Jewellery
 h - a cursed ring of loudness {unknown}
Scrolls
 a - a scroll of remove curse {unknown}
 c - a scroll of fog {unknown}
 e - 4 scrolls of identify {unknown}
 i - 2 scrolls of enchant armour {unknown}
Potions
 d - a potion of mutation {unknown}
 f - a potion of curing {unknown}
 j - 2 potions of brilliance {unknown}
Comestibles
 b - 2 bread rations


   Skills:
 + Level 3.4 Fighting
 + Level 3.0 Dodging
 + Level 2.1 Stealth
 + Level 4.1 Unarmed Combat


You had 2 spell levels left.
You didn't know any spells.

Dungeon Overview and Level Annotations

Branches:
Dungeon (2/15)

Altars:
Nemelex Xobeh


Innate Abilities, Weirdness & Mutations

You are surrounded by a mild repulsion field (EV +2).
You sometimes gain a little power by taking damage.


Message History

The ooze completely misses you.
You hit the ooze.
You kill the ooze!
Your Dodging skill increases to level 3!
No target in view!
No target in view!
There is an open door here.
There is a faded altar to an unknown god here.
This altar will convert you to a god.
You cannot discern which.
Do you pray? Nemelex Xobeh accepts your prayer! Nemelex Xobeh welcomes you!
Nemelex Xobeh grants you a gift! Something appears at your feet!
Nemelex Xobeh grants you a gift! Something appears at your feet!
Nemelex Xobeh grants you a gift! Something appears at your feet!
Unknown command.
Unknown command.
Okay, then.
Are you sure you want to abandon this character and quit the game? (Confirm with "yes".)

#.# #.# #.# #.#
#.#### #.# ##....#
#.# #..##.#### #.#
#........# #.#
#....8...# #.#
#...8.8..# #.#
#..8.@.8.#######.#
##..8.8..........#
#...8....######.#
#........# ###
####.....# #######


There were no monsters in sight!

Vanquished Creatures
  An adder (D:2)
  An ooze (D:2)
  A worm (D:2)
  A giant gecko (D:1)
  A ball python (D:1)
  2 goblins (D:1)
  3 hobgoblins (D:1)
  7 kobolds (D:1)
  3 bats
  A giant newt (D:1)
  2 rats (D:1)
23 creatures vanquished.

Notes
Turn   | Place    | Note
--------------------------------------------------------------
     0 | D:1      | JustSomeDude the Demonspawn Monk began the quest for the Orb.
     0 | D:1      | Reached XP level 1. HP: 18/18 MP: 1/1
     2 | D:1      | Noticed an ogre
     2 | D:1      | Noticed a demonspawn
     4 | D:1      | Noticed a demigod
     6 | D:1      | Noticed a felid
     6 | D:1      | Noticed an elf
     8 | D:1      | Noticed a naga
    10 | D:1      | Noticed a tengu
    10 | D:1      | Noticed a minotaur
    12 | D:1      | Noticed a spriggan
    12 | D:1      | Noticed a centaur
    14 | D:1      | Noticed an octopode
    16 | D:1      | Noticed a troll
    16 | D:1      | Noticed a ghoul
    18 | D:1      | Noticed a dwarf
    20 | D:1      | Noticed a vampire
    20 | D:1      | Noticed a human
    22 | D:1      | Noticed a vine stalker
    24 | D:1      | Noticed a merfolk
    24 | D:1      | Noticed a draconian
    27 | D:1      | Noticed a gargoyle
    27 | D:1      | Noticed a formicid
   465 | D:1      | Gained mutation: You are surrounded by a mild repulsion field (EV +2). [demonic ancestry]
   465 | D:1      | Reached XP level 2. HP: 12/24 MP: 2/2
  1250 | D:2      | Reached skill level 4 in Unarmed Combat
  1376 | D:2      | Gained mutation: You sometimes gain a little power by taking damage. [demonic ancestry]
  1376 | D:2      | Reached XP level 3. HP: 20/29 MP: 3/3
  1515 | D:2      | Found a faded altar to an unknown god.
  1631 | D:2      | Became a worshipper of Nemelex Xobeh the Trickster
  1631 | D:2      | Received a gift from Nemelex Xobeh
  1631 | D:2      | Reached * piety under Nemelex Xobeh
  1631 | D:2      | Received a gift from Nemelex Xobeh
  1631 | D:2      | Reached ** piety under Nemelex Xobeh
  1631 | D:2      | Received a gift from Nemelex Xobeh
  1631 | D:2      | Quit the game

Action                   || total
-------------------------++-------
Melee: Unarmed           ||    89
 Stab: Sleeping          ||     2
  Eat: Meat ration       ||     1
       Beef jerky        ||     1
